 Dungeon Crawl Stone Soup version 0.20.0-15-g7f486f2 (webtiles) character file.

318 vishdafish the Shield-Bearer (level 6, -1/48 HPs)
             Began as a Formicid Fighter on June 30, 2017.
             Slain by a hippogriff (6 damage)
             ... on level 7 of the Dungeon.
             The game lasted 00:04:22 (2496 turns).

vishdafish the Shield-Bearer (Formicid Fighter)     Turns: 2496, Time: 00:04:23

Health: -1/48      AC:  7    Str: 20    XL:     6   Next: 74%
Magic:  15/15      EV:  8    Int:  8    God:
Gold:   266        SH: 13    Dex: 12    Spells: 5/5 levels left

rFire    . . .     SeeInvis +   a - +0 war axe
rCold    . . .     Gourm    .   c - +0 shield
rNeg     + . .     Faith    .   b - +0 scale mail
rPois    .         Spirit   .   (helmet unavailable)
rElec    .         Reflect  +   (no cloak)
rCorr    .         Harm     .   (no gloves)
MR       .....                  (no boots)
Stlth    ..........             e - +3 amulet of reflection
Regen    0.2/turn               m - ring of magical power
MPRegen  0.2/turn               o - ring of positive energy

@: no status effects
A: permanent stasis, dig shafts and tunnels, four strong arms, antennae 3
a: Dig, Shaft Self


You were on level 7 of the Dungeon.
You were very hungry.

You visited 1 branch of the dungeon, and saw 6 of its levels.

You collected 266 gold pieces.

Inventory:

Hand Weapons
 a - a +0 war axe (weapon)
Armour
 b - a +0 scale mail (worn)
 c - a +0 shield (worn)
Jewellery
 e - a +3 amulet of reflection (around neck)
 m - a ring of magical power (left hand)
 o - a ring of positive energy (right hand)
 w - an uncursed ring of magical power
Wands
 x - a wand of acid (3/15)
Scrolls
 g - 6 scrolls of identify {unknown}
 h - 2 scrolls of teleportation {unknown}
 i - a scroll of amnesia {unknown}
 j - 3 scrolls of remove curse {unknown}
 l - a scroll of fog {unknown}
Potions
 d - 2 potions of might
 k - 2 potions of brilliance {unknown}
 n - 2 potions of magic {unknown}
 p - a potion of berserk rage {unknown}
 q - a potion of lignification {unknown}
 r - 2 potions of mutation {unknown}
 t - 4 potions of heal wounds {unknown}
 u - a potion of curing {unknown}
Comestibles
 f - 2 bread rations
 s - 2 royal jellies
 v - a fruit


   Skills:
 + Level 4.1 Fighting
 * Level 4.3 Axes
 + Level 4.1 Armour
 - Level 0.8 Dodging
 + Level 5.5 Shields


You had 5 spell levels left.
You didn't know any spells.

Dungeon Overview and Level Annotations

Branches:
Dungeon (7/15)
 Temple: D:4-7

Altars:
Fedhas
Xom

Annotations:
D:4 murphy's ghost, amateur DDFi


Innate Abilities, Weirdness & Mutations

You cannot be hasted, slowed, berserked, paralysed or teleported.
You can dig through walls and to a lower floor.
Your four strong arms can wield two-handed weapons with a shield.
You have a pair of large antennae on your head. (SInv)


Message History

You block the orc's attack.
The shadow imp sputters.
The shadow imp hits you.
* * * LOW HITPOINT WARNING * * *
You block the orc's attack.
The shadow imp hits you but does no damage.
You block the orc's attack.
The shadow imp shouts, "Decamp, thou skyhacking dizzy-eyed bloater!"
There is a stone staircase leading down here.
You block the jackal zombie's attack. The hippogriff bites you!
* * * LOW HITPOINT WARNING * * *
The hippogriff pecks you.
* * * LOW HITPOINT WARNING * * *
You block the hippogriff's attack.
You climb downwards.
There is a stone staircase leading up here.
You hit the hippogriff.
The hippogriff is lightly wounded.
The hippogriff completely misses you. The hippogriff pecks you.
You die...

###
#@#
#H#
#..
####


You could see a hippogriff.

Vanquished Creatures
  An ogre (D:4)
  The ghost of TheGamingCockatoo the Caller, a weakling MfSu (D:3)
  A hound (D:4)
  Jessica (D:2)
  5 adders
  3 oozes
  2 worms (D:2)
  2 dart slugs
  5 leopard geckos
  5 orcs (D:4)
  2 giant cockroaches
  4 goblins
  2 hobgoblins (D:3)
  3 jackals (D:3)
  A quokka (D:2)
  6 bats
  4 frilled lizards
  3 kobolds
  11 rats
62 creatures vanquished.

Vanquished Creatures (others)
  A dart slug (D:3)
  A frilled lizard (D:3)
2 creatures vanquished.

Grand Total: 64 creatures vanquished

Notes
Turn   | Place    | Note
-------+----------+-------------------------------------------
     0 | D:1      | vishdafish the Formicid Fighter began the quest for the Orb.
     0 | D:1      | Reached XP level 1. HP: 18/18 MP: 1/1
     3 | D:1      | Noticed an electric eel
     3 | D:1      | Noticed an electric eel
    87 | D:1      | Reached XP level 2. HP: 23/24 MP: 2/2
   126 | D:1      | Reached skill level 4 in Shields
   616 | D:1      | Reached XP level 3. HP: 29/29 MP: 3/3
   860 | D:2      | Noticed Jessica
   863 | D:2      | Killed Jessica
   863 | D:2      | Reached XP level 4. HP: 36/36 MP: 4/4
  1198 | D:2      | Reached XP level 5. HP: 41/42 MP: 5/5
  1262 | D:2      | Found a shimmering altar of Xom.
  1642 | D:3      | Found a blossoming altar of Fedhas.
  1879 | D:3      | Noticed TheGamingCockatoo's ghost (weakling MfSu)
  1920 | D:3      | Killed TheGamingCockatoo's ghost
  1920 | D:3      | Reached skill level 5 in Shields
  2299 | D:4      | Reached XP level 6. HP: 45/48 MP: 6/6
  2389 | D:4      | Noticed an ogre
  2395 | D:4      | Killed an ogre
  2466 | D:4      | Noticed murphy's ghost (amateur DDFi)
  2487 | D:4      | You fall through a shaft for 2 floors!
  2487 | D:6      | Noticed a hippogriff
  2496 | D:7      | Slain by a hippogriff

Skill      XL: |  1  2  3  4  5  6 |
---------------+-------------------+-----
Shields        | 4 5 |  5.5
Axes           | 3 4 |  4.3
Fighting       | 4 |  4.1
Armour         | 4 |  4.1
Dodging        | |  0.8

Action                   |  1- 3 |  4- 6 || total
-------------------------+-------+-------++-------
Melee: War axe           |    44 |   175 ||   219
 Abil: Shaft Self        |       |     1 ||     1
  Eat: Bread ration      |       |     1 ||     1
Armor: Scale mail        |    14 |    56 ||    70
Dodge: Dodged            |     9 |    63 ||    72
Block: Shield            |    27 |   159 ||   186
       Reflection        |     1 |       ||     1
